 Dungeon Crawl Stone Soup version 0.21-a0-361-g4efd3f9 (webtiles) character file.

10 Dfrag the Firebug (level 2, 13/19 HPs)
             Began as a Demonspawn Fire Elementalist on Oct 14, 2017.
             Quit the game on level 1 of the Dungeon.
             The game lasted 00:00:21 (156 turns).

Dfrag the Firebug (Demonspawn Fire Elementalist)     Turns: 156, Time: 00:00:22

Health: 13/19      AC:  2    Str:  8    XL:     2   Next: 10%
Magic:  1/5        EV: 12    Int: 16    God:
Gold:   28         SH:  0    Dex: 13    Spells: 4/5 levels left

rFire    + . .     SeeInvis .   (no weapon)
rCold    . . .     Gourm    .   (no shield)
rNeg     . . .     Faith    .   a - +0 robe
rPois    .         Spirit   .   (no helmet)
rElec    .         Reflect  .   (no cloak)
rCorr    .         Harm     .   (no gloves)
MR       .....                  (no boots)
Stlth    ++........             (no amulet)
HPRegen  0.06/turn              (no ring)
MPRegen  0.09/turn              (no ring)

@: very slightly contaminated
A: fire resistance 1
a: no special abilities


You were on level 1 of the Dungeon.
You were not hungry.

You visited 1 branch of the dungeon, and saw 1 of its levels.

You collected 28 gold pieces.

Inventory:

Armour
 a - a +0 robe (worn)
Potions
 d - a potion of heal wounds {unknown}
 e - a potion of lignification {unknown}
 g - 2 potions of might {unknown}
Books
 b - a book of Flames

   Spells                             Type                      Level
   a - Flame Tongue                   Conjuration/Fire             1
   b - Throw Flame                    Conjuration/Fire             2
   c - Conjure Flame                  Conjuration/Fire             3
   d - Inner Flame                    Hexes/Fire                   3
   e - Sticky Flame                   Conjuration/Fire             4
   f - Fireball                       Conjuration/Fire             5
Comestibles
 c - 2 bread rations
 f - 2 chunks of flesh


   Skills:
 - Level 1.7 Dodging
 - Level 1.7 Stealth
 + Level 2.2 Spellcasting
 + Level 1.4 Conjurations
 + Level 2.9 Fire Magic


You had 4 spell levels left.
You knew the following spells:

 Your Spells              Type           Power        Failure   Level  Hunger
a - Flame Tongue          Conj/Fire      #....        9%          1    #......


Dungeon Overview and Level Annotations

Branches:
Dungeon (1/15)

Altars:


Innate Abilities, Weirdness & Mutations

Your flesh is heat resistant. (rF+)


Message History

Aiming: Flame Tongue
Press: ? - help, Shift-Dir - straight line, f/p - hobgoblin
Aim: a hobgoblin The flame tongue hits the hobgoblin.
The hobgoblin is heavily wounded.
The hobgoblin hits you.
Casting: Flame Tongue
Confirm with . or Enter, or press ? or * to list all spells.
Aiming: Flame Tongue
Press: ? - help, Shift-Dir - straight line, f/p - hobgoblin
Aim: a hobgoblin (heavily wounded)
The flame tongue hits the hobgoblin.
You kill the hobgoblin!
A bat comes into view.
A bat is nearby!
A bat is nearby!
A rat comes into view.
You see here 2 metallic blue potions.
g - 2 metallic blue potions Are you sure you want to abandon this character and quit the game? (Confirm with "yes".)

...#...............
..........#....####.
....#.....#.........
... #...............
.. #####...........
. ........#######
....†...# .........#
........@#
................
b................
..b............
..........#..r.
...####.#...... ...
..#.####. .. ..#+#


You could see a bat and a rat (wandering).

Vanquished Creatures
  A dart slug (D:1)
  A leopard gecko (D:1)
  2 goblins (D:1)
  2 hobgoblins (D:1)
6 creatures vanquished.

Notes
Turn   | Place    | Note
-------+----------+-------------------------------------------
     0 | D:1      | Dfrag the Demonspawn Fire Elementalist began the quest for the Orb.
     0 | D:1      | Reached XP level 1. HP: 13/13 MP: 3/3
   119 | D:1      | Gained mutation: Your flesh is heat resistant. (rF+) [demonic ancestry]
   119 | D:1      | Reached XP level 2. HP: 19/19 MP: 0/5
   156 | D:1      | Quit the game

Vault maps used:
D:1:      elethiomel_arrival_infinity_welcomes_careful_drivers

Action                   || total
-------------------------++-------
Melee: Unarmed           ||     4
 Cast: Flame Tongue      ||    10
Dodge: Dodged            ||     3

Table legend:
 A = Spawn XP
 B = Non-spawn XP
 C = Spawn XP percentage of total XP
 D = Spawn monster count
 E = Non-spawn monster count
 F = Spawn count percentage of total count
 G = Total turns spent on level
                    A         B        C        D         E        F      G
               +---------+---------+-------+---------+---------+-------+---------
         Total |       0 |      15 |   0.0 |       0 |       6 |   0.0 |   156
               +---------+---------+-------+---------+---------+-------+---------
           D:1 |       0 |      15 |   0.0 |       0 |       6 |   0.0 |   156
               +---------+---------+-------+---------+---------+-------+---------
